 Dungeon Crawl Stone Soup version 0.28-a0-1447-ga5a8893891 (webtiles) character file.

Game seed: 5298901682348142646

49 shadowrider38 the Insei (level 3, 0/23 HPs)
             Began as an Octopode Transmuter on Jan 10, 2022.
             Shot with a stone by a goblin (5 damage)
             ... on level 3 of the Dungeon.
             The game lasted 00:02:27 (1675 turns).

shadowrider38 the Insei (Octopode Transmuter)       Turns: 1675, Time: 00:02:27

Health: 0/23       AC:  1    Str:  9    XL:     3   Next: 75%
Magic:  6/6        EV: 13    Int: 17    God:
Gold:   33         SH:  0    Dex: 12    Spells: 5/6 levels left

rFire   . . .      SeeInvis .     - Unarmed
rCold   . . .      Faith    .   (no shield)
rNeg    . . .      Spirit   .   (helmet restricted)
rPois   .          Reflect  .   (no amulet)
rElec   .          Harm     .   (no ring)
rCorr   .          Rampage  .   (no ring)
Will    .....                   (no ring)
Stlth   ++........              (no ring)
HPRegen 0.07/turn               (no ring)
MPRegen 0.10/turn               (no ring)
                                (no ring)
                                (no ring)

@: no status effects
A: almost no armour, amphibious, 8 rings, camouflage 1, gelatinous body 1,
(nimble swimmer 1), tentacles
a: no special abilities


You were on level 3 of the Dungeon.
You visited 1 branch of the dungeon, and saw 3 of its levels.

You collected 33 gold pieces.

Inventory:

Missiles
 e - 14 stones
Scrolls
 b - a scroll of enchant armour {unknown}
 d - a scroll of identify {unknown}
 f - a scroll of blinking {unknown}
Potions
 a - 2 potions of might {unknown}
 c - a potion of curing {unknown}


   Skills:
 - Level 1.0 Fighting
 - Level 2.0 Dodging
 - Level 4.0 Unarmed Combat
 - Level 2.0 Spellcasting
 + Level 3.0 Transmutations


You had 5 spell levels left.
You knew the following spells:

 Your Spells              Type           Power      Damage    Failure   Level
a - Beastly Appendage     Tmut           22%        N/A       5%          1

Your spell library contained the following spells:

 Spells                   Type           Power      Damage    Failure   Level
 Wereblood                Tmut           11%        N/A       9%          2
 Animate Skeleton         Necr           2%         N/A       19%         1
 Pain                     Necr           4%         1d4       19%         1
 Spider Form              Tmut/Pois      6%         N/A       30%         3
 Vampiric Draining        Necr           1%         2d6       50%         3
 Ice Form                 Ice/Tmut       6%         N/A       71%         4


Dungeon Overview and Level Annotations

Branches:
Dungeon (3/15)

Altars:

Annotations:
D:1 exclusion: downstairs
D:2 Sigmund
D:3 exclusion: upstairs


Innate Abilities, Weirdness & Mutations

You cannot wear most types of armour.
You are amphibious.
You can wear up to eight rings at the same time.
Your skin changes colour to match your surroundings (Stealth+).
Your rubbery body absorbs attacks. (AC +1, EV +1)
((You are camouflaged when in or above water. (Stealth+)))
You have tentacles for arms and can constrict up to eight enemies at once.


Message History

Found 9 gold pieces.
The bat hits you.
An iguana comes into view.
You barely miss the bat.
The iguana hisses angrily.
You grab the bat. You constrict the bat. The bat closely misses you.
The bat struggles to escape constriction. x2
You tentacle-slap the bat.
You kill the bat!
You see here a bat corpse.
You tentacle-slap the iguana but do no damage.
You grab the iguana. You constrict the iguana. The iguana bites you!
You release your grip on the iguana.
You see here a bat corpse.
Casting: Beastly Appendage (safe; 5% risk of failure)
Press: ? - help, Q - select action, (/) - cycle Dir - look around, f - activate You miscast Beastly Appendage.
You are very lightly contaminated with residual magic.
Nothing appears to happen.
The iguana closely misses you.
You see here a scroll labelled CEGAIMITHRO.
Found a glowing hand axe.
Found a stone staircase leading down.
Your magical contamination has completely faded away.
Found a scroll labelled XYMIRO WIBAF.
Press: ? - help, v - describe, . - travel, g - get item Item here: a glowing hand axe.
The floor.
Unknown command.
You see here a scroll labelled XYMIRO WIBAF.
f - a scroll labelled XYMIRO WIBAF The iguana bites you!
* * * LOW HITPOINT WARNING * * *
A goblin comes into view. It is wielding a +0 club.
The goblin shouts!
The goblin unwields a +0 club.
The goblin wields a +0 hunting sling.
The goblin shoots a stone.
The stone closely misses you.
Found 27 bolts.
The goblin shoots a stone.
The stone barely misses you.
The goblin shoots a stone.
The stone hits you.
You die...

# #.#. ###+##
#.#.#.#.......#
######.#...#.......# +
#...>......#.......# .#
+..........# (...g.# ...
#..........###...###....
.........)..............
.......................#
..............l.@......+
.......................#
...........#############
...........#
...........#
...........#
.########### .# ##


You could see an iguana and a goblin.

Vanquished Creatures
  Terence (D:2)
  A dart slug (D:1)
  A ball python (D:2)
  4 bats
  2 endoplasms
  A giant cockroach (D:1)
  4 goblins (D:1)
  2 quokkas
  4 rats (D:1)
20 creatures vanquished.

Notes
Turn   | Place    | Note
-------+----------+-------------------------------------------
     0 | D:1      | shadowrider38 the Octopode Transmuter began the quest for
                  | the Orb.
     0 | D:1      | Reached XP level 1. HP: 13/13 MP: 3/3
   546 | D:1      | Reached XP level 2. HP: 14/18 MP: 3/5
  1469 | D:2      | Noticed Terence
  1469 | D:2      | Noticed Sigmund
  1481 | D:2      | Killed Terence
  1482 | D:2      | Reached skill level 4 in Unarmed Combat
  1482 | D:2      | Reached XP level 3. HP: 15/23 MP: 4/6
  1675 | D:3      | Shot with a stone by a goblin

Illustrated notes

Levels and vault maps discovered:
D:1:      saegor_arrival_simple_b, layout_basic
D:2:      layout_rooms, dilly_ecumenical_altar_fadedgnrine, serial_shops, shop,
          uniq_terence, uniq_sigmund
D:3:      layout_basic, bloody_makhleb, ebering_ghost_disaster_area

Skill      XL: |  1  2  3 |
---------------+----------+-----
Unarmed Combat | 4 |  4.0
Transmutations | 3 |  3.0
Fighting       | |  1.0
Dodging        | |  2.0
Spellcasting   | |  2.0

Action                   || total
-------------------------++-------
Melee: Unarmed           ||    51
       Constrict         ||    20
       Tentacles         ||     6
       Kick              ||     7
       Punch             ||     2
 Cast: Beastly Appendage ||     9
 Stab: Sleeping          ||     3
Armor: Skin              ||     6
Dodge: Dodged            ||    39

Table legend: (Time is in decaauts)
 A = Elapsed time spent in this place.
 B = Non-inter-level travel time spent in this place.
 C = Inter-level travel time spent in this place.
 D = Time resting spent in this place.
 E = Time spent auto-exploring this place.
 F = Levels seen in this place.
 G = Mean time per level.
                   A        B        C        D        E       F      G
               +--------+--------+--------+--------+--------+-----+--------+
         Total |   1671 |   1586 |     85 |    508 |    853 |   3 |  557.0 |
       Dungeon |   1671 |   1586 |     85 |    508 |    853 |   3 |  557.0 |
               +--------+--------+--------+--------+--------+-----+--------+

Top non-repeatable levels by time:
     D:1: 1516 daAuts
     D:2: 112 daAuts
     D:3: 43 daAuts
